 Dungeon Crawl Stone Soup version 0.17-a0-1802-g9847487 (webtiles) character file.

3789 Rationalist the Blocker (level 10, -1/77 HPs)
             Began as a Formicid Fighter on Sept 11, 2015.
             Killed from afar by a deep elf fighter (7 damage)
             ... with a magic dart
             ... in a bailey.
             The game lasted 00:14:52 (9005 turns).

Rationalist the Blocker (Formicid Fighter)          Turns: 9005, Time: 00:14:53

Health: -1/77      AC:  7    Str: 23    XL:     10   Next: 39%
Magic:  4/10       EV: 14    Int: 13    God:
Gold:   312        SH: 12    Dex: 13    Spells: 0 memorised, 9 levels left

rFire  . . .     SeeInvis +     a - +0 war axe
rCold  . . .     Clarity  .     R - +1 leather armour {MR+}
rNeg   . . .     SustAt   .     c - +0 shield
rPois  .         Gourm    .     (helmet unavailable)
rElec  .         Spirit   .     (no cloak)
rCorr  .         Warding  .     (no gloves)
rMut   .         Stasis   +     (no boots)
MR     ++...                    H - amulet of regeneration
Stlth  +.........               z - ring of loudness (curse)
                                k - +3 ring of protection

@: brilliant, liquid flames, glowing, very resistant to hostile enchantments,
very unstealthy
A: permanent stasis, dig shafts and tunnels, four strong arms, antennae 3,
strong 1, subdued magic 1, MP-powered wands
a: Dig, Shaft Self


You were in a bailey.
You were very hungry.

You visited 2 branches of the dungeon, and saw 9 of its levels.
You also visited: Bailey.

You collected 312 gold pieces.

Inventory:

Hand weapons
 a - a +0 war axe (weapon)
Missiles
 o - 40 poisoned needles
 u - 39 bolts
 I - 11 tomahawks (quivered)
 K - 29 sling bullets
 N - 19 sling bullets of flame
 P - 5 tomahawks of returning
Armour
 c - a +0 shield (worn)
 R - a +1 leather armour of magic resistance (worn)
Jewellery
 k - a +3 ring of protection (left hand)
 z - a cursed ring of loudness (right hand)
 F - a +5 ring of intelligence
 H - an amulet of regeneration (around neck)
Magical devices
 D - a wand of fire (0)
 G - a wand of polymorph (2)
Scrolls
 f - 2 scrolls of amnesia
 l - 2 scrolls of identify
 r - a scroll of fear {unknown}
 s - a scroll of enchant weapon {unknown}
 t - 2 scrolls of fog
 y - a scroll of noise {unknown}
 A - 2 scrolls of remove curse
 C - 2 scrolls of magic mapping {unknown}
 E - 3 scrolls of immolation {unknown}
 J - a scroll of enchant armour {unknown}
 Q - a scroll of vulnerability {unknown}
Potions
 g - a potion of invisibility
 m - a potion of agility {unknown}
 p - a potion of ambrosia {unknown}
 q - a potion of lignification {unknown}
 L - 3 potions of magic
Books
 v - Sif Muna's Tome of Transmutation
   (You found it on level 2 of the Dungeon)

   Spells                             Type                      Level
   a - Beastly Appendage              Transmutation                1
 w - Kikubaaqudgha's Collected Works on Necromancy
   (You found it on level 2 of the Dungeon)

   Spells                             Type                      Level
   a - Pain                           Necromancy                   1
 x - Vehumet's Tome of Confrontation
   (You found it on level 2 of the Dungeon)

   Spells                             Type                      Level
   a - Magic Dart                     Conjuration                  1
 M - a book of Alchemy

   Spells                             Type                      Level
   a - Sublimation of Blood           Necromancy                   2
   b - Ignite Poison                  Fire/Transmutation/Poison    3
   c - Alistair's Intoxication        Transmutation/Poison         4
   d - Condensation Shield            Ice                          4
   e - Petrify                        Transmutation/Earth          4
   f - Irradiate                      Conjuration/Transmutation    5
Comestibles
 e - 3 bread rations
 h - 2 slices of pizza
 i - 7 meat rations
 O - a beef jerky


   Skills:
 + Level 6.9 Fighting
 + Level 6.9 Axes
 + Level 1.4 Throwing
 + Level 7.0 Armour
 + Level 5.8 Dodging
 + Level 2.4 Stealth
 + Level 8.9 Shields


You had 9 spell levels left.
You didn't know any spells.

Dungeon Overview and Level Annotations

Branches:
Dungeon (8/15)             Temple (1/1) D:5            Lair (0/8) D:8

Altars:
Ashenzari
Cheibriados
Dithmenos
Elyvilon
Fedhas
Gozag
Kikubaaqudgha
Makhleb
Nemelex Xobeh
Okawaru
Ru
Sif Muna
Trog
Vehumet
Xom
Yredelemnul
Zin
The Shining One

Shops:
D:6 [


Innate Abilities, Weirdness & Mutations

You are under a permanent stasis effect.
You can dig through walls and to a lower floor.
Your four strong arms can wield two-handed weapons with a shield.
You have a pair of large antennae on your head (SInv).
Your muscles are strong. (Str +2)
Your spells are a little easier to cast, but a little less powerful.
You expend magic power (3 MP) to strengthen your wands.


Message History

Zapping:
D - a wand of fire (will waste charges)
Press: ? - help, Shift-Dir - straight line, f - deep elf fighter
Aim: a deep elf fighter, wielding a short sword and wearing a leather armour (slightly transparent)
The bolt of fire hits the deep elf fighter.
The deep elf fighter is heavily wounded.
Evoking this partially-identified wand wasted a few charges.
You are covered in liquid flames!
* * * LOW HITPOINT WARNING * * *
The deep elf fighter misses you.
Evoke which item? (* to show all) (? for menu, Esc to quit)
Zapping:
G - a wand of polymorph (will waste charges)
Press: ? - help, Shift-Dir - straight line, f/p - deep elf fighter
Aim: a deep elf fighter, wielding a short sword and wearing a leather armour (heavily wounded, slightly transparent, chance to defeat MR: 32%)
The deep elf fighter easily resists.
Evoking this partially-identified wand wasted a few charges.
You are covered in liquid flames!
* * * LOW HITPOINT WARNING * * *
The deep elf fighter gestures at you while chanting.
The magic dart hits you!
You die...

##(.##..∩..#
#....#.....#
#..(.##...##
..
##).##'######.
###...###...##
#((...#...e.#
#..∩..#.....#
#.....#.....#
##..(@#....#
#####e#
#....#....# {
#..... .....#
#..... .....#
#.e... .....#
##...# #...##
.### ###. ..
..


You could see a deep elf fighter (invisible).

Vanquished Creatures
  Joseph (D:7)
  2 deep elf priests (Bailey)
  2 deep elf magi (Bailey)
  2 deep elf fighters (Bailey)
  Eustachio (D:6)
  Menkaure (D:7)
  2 orc warriors
  A water moccasin (D:7)
  A phantom (D:4)
  A sky beast (D:6)
  A necrophage (D:6)
  2 ogres
  4 giant frogs
  A scorpion (D:6)
  5 wights (D:6)
  The ghost of Greshnik the Stinger, a weakling TrVM of Sif Muna (D:4)
  2 orc priests
  A crimson imp (D:6)
  A centaur zombie (D:5)
  A gnoll shaman (D:6)
  4 hounds
  A jelly (D:5)
  2 giant frog zombies
  4 orc wizards
  Jessica (D:3)
  5 worker ants
  A hound skeleton (D:7)
  A worker ant zombie (D:8)
  7 adders
  4 gnolls (D:6)
  A shadow imp (D:5)
  3 oozes
  An adder skeleton (D:7)
  2 worms (D:3)
  30 orcs
  2 ball pythons
  4 bats
  7 giant cockroaches
  14 goblins
  11 hobgoblins
  3 quokkas
  A giant cockroach zombie (D:6)
  9 giant geckos
  5 giant newts
  3 jackals
  9 kobolds
  A quokka skeleton (D:6)
  3 rats
172 creatures vanquished.

Vanquished Creatures (others)
  An orc (D:3)
1 creature vanquished.

Grand Total: 173 creatures vanquished

Notes
Turn   | Place    | Note
--------------------------------------------------------------
     0 | D:1      | Rationalist the Formicid Fighter began the quest for the Orb.
     0 | D:1      | Reached XP level 1. HP: 18/18 MP: 1/1
   288 | D:1      | Reached XP level 2. HP: 24/24 MP: 2/2
   489 | D:1      | Reached XP level 3. HP: 24/29 MP: 3/3
   981 | D:2      | Reached skill level 4 in Shields
  1093 | D:2      | Found a blossoming altar of Fedhas.
  1093 | D:2      | Found a sacrificial altar of Ru.
  1725 | D:2      | Found an ancient bone altar of Kikubaaqudgha.
  1727 | D:2      | Found a deep blue altar of Sif Muna.
  1727 | D:2      | Found a radiant altar of Vehumet.
  1734 | D:2      | Identified Sif Muna's Tome of Transmutation
  1742 | D:2      | Identified Kikubaaqudgha's Collected Works on Necromancy
  1752 | D:2      | Identified Vehumet's Tome of Confrontation
  1810 | D:3      | Found a glowing silver altar of Zin.
  1810 | D:3      | Noticed an angel
  1824 | D:3      | Found a shimmering altar of Xom.
  1830 | D:3      | Reached XP level 4. HP: 37/37 MP: 4/4
  1987 | D:3      | Found a basalt altar of Yredelemnul.
  2411 | D:3      | Noticed Jessica
  2420 | D:3      | Killed Jessica
  2420 | D:3      | Reached skill level 1 in Stealth
  2420 | D:3      | Reached XP level 5. HP: 17/42 MP: 5/5
  3092 | D:4      | Noticed Greshnik's ghost (weakling TrVM)
  3115 | D:4      | Killed Greshnik's ghost
  3399 | D:4      | Noticed an ogre
  3408 | D:4      | Killed an ogre
  3408 | D:4      | Reached skill level 5 in Armour
  3408 | D:4      | Reached skill level 1 in Dodging
  3408 | D:4      | Reached skill level 5 in Shields
  3408 | D:4      | Reached XP level 6. HP: 19/48 MP: 6/6
  3683 | D:4      | Noticed a phantom
  3700 | D:4      | Killed a phantom
  3868 | D:4      | Reached XP level 7. HP: 45/54 MP: 7/7
  4798 | D:4      | Found a bloodstained altar of Trog.
  4817 | D:4      | Found a sparkling altar of Nemelex Xobeh.
  4818 | D:4      | Found an opulent altar of Gozag.
  4992 | D:5      | Entered Level 5 of the Dungeon
  5153 | D:5      | Found a staircase to the Ecumenical Temple.
  5166 | Temple   | Entered the Ecumenical Temple
  6341 | D:5      | Reached skill level 6 in Shields
  6531 | D:6      | Reached XP level 8. HP: 61/61 MP: 8/8
  6576 | D:6      | Found a shadowy altar of Dithmenos.
  6800 | D:6      | Found Doatorgh's Antique Armour Shop.
  7039 | D:6      | Reached skill level 5 in Fighting
  7326 | D:6      | Noticed Eustachio
  7357 | D:6      | Killed Eustachio
  7357 | D:6      | Reached skill level 5 in Axes
  7357 | D:6      | Reached skill level 7 in Shields
  7405 | D:6      | Reached XP level 9. HP: 62/68 MP: 9/9
  7712 | D:7      | Noticed Joseph
  7742 | D:7      | Killed Joseph
  7965 | D:7      | Noticed Menkaure
  7971 | D:7      | Killed Menkaure
  7971 | D:7      | Reached skill level 8 in Shields
  8072 | D:7      | HP: 2/69 [orc warrior/long sword (7)]
  8085 | D:7      | Reached skill level 5 in Dodging
  8745 | D:8      | Reached XP level 10. HP: 77/77 MP: 10/10
  8754 | D:8      | Found a staircase to the Lair.
  8763 | D:8      | Found a flagged portal.
  8778 | Bailey   | Entered a bailey
  8917 | Bailey   | Reached skill level 1 in Throwing
  9003 | Bailey   | Gained mutation: Your spells are a little easier to cast, but a little less powerful. [potion of mutation]
  9003 | Bailey   | Gained mutation: Your muscles are strong. (Str +2) [potion of mutation]
  9003 | Bailey   | Gained mutation: You expend magic power (3 MP) to strengthen your wands. [potion of mutation]
  9005 | Bailey   | Killed from afar by a deep elf fighter

Vault maps used:
D:1:      dpeg_arrival_refuge, hangedman_decor_growths
D:2:      grunt_temple_overflow_magic_moments, amethyst_overflow_temple_binary,
          first_bread, nrook_mini_backslash, minmay_bisected
D:3:      grunt_temple_overflow_order_and_chaos_1, lemuel_doored_altar,
          grunt_ministairs_8, uniq_jessica
D:4:      grunt_temple_overflow_opulence, kennysheep_mini
D:5:      corexii_shack_village, minmay_temple_entry_mist
D:6:      nicolae_dithmenos_the_darkroom, serial_shops, shop,
          minmay_misc_feat_more_columns, nrook_mini_vaults, uniq_eustachio
D:7:      uniq_joseph, uniq_menkaure
D:8:      lair_0_dummy, enter_bailey_3
Temple:   nicolae_temple_hex_pool
Bailey:   bailey_polearm_3, bailey

Action                   |  1- 3 |  4- 6 |  7- 9 | 10-12 || total
-------------------------+-------+-------+-------+-------++-------
Melee: War axe           |    82 |   127 |   464 |    51 ||   724
Throw: Tomahawk          |       |       |     7 |     9 ||    16
Evoke: Wand              |       |       |       |     2 ||     2
  Use: Scroll            |     1 |       |     7 |       ||     8
       Potion            |       |     1 |     6 |     3 ||    10
  Eat: Chunk             |     3 |     6 |    20 |       ||    29
